 Dungeon Crawl Stone Soup version 0.20-a0-681-gf83e07f (webtiles) character file.

218 polly the Shield-Bearer (level 5, -2/33 HPs)
             Began as a Gargoyle Fighter on Feb 19, 2017.
             Slain by a hippogriff (5 damage)
             ... on level 4 of the Dungeon.
             The game lasted 00:02:19 (2521 turns).

polly the Shield-Bearer (Gargoyle Fighter)          Turns: 2521, Time: 00:02:20

Health: -2/33      AC: 15    Str: 20    XL:     5   Next: 95%
Magic:  5/5        EV:  8    Int: 12    God:
Gold:   148        SH:  9    Dex:  9    Spells: 4/4 levels left

rFire    . . .     SeeInvis .   a - +0 flail
rCold    . . .     Gourm    .   b - +0 scale mail
rNeg     + . .     Faith    .   c - +0 shield
rPois    ∞         Spirit   .   (no helmet)
rElec    +         Reflect  .   (no cloak)
rCorr    .         Harm     .   s - +0 pair of gloves
MR       +....                  m - +2 pair of boots
Stlth    ..........             (no amulet)
Regen    0.2/turn               o - +3 ring of intelligence (curse)
MPRegen  0.1/turn               p - ring of protection from magic

@: no status effects
A: negative energy resistance 1, electricity resistance, unbreathing,
petrification resistance, rot immunity, AC +4
a: no special abilities


You were on level 4 of the Dungeon.
You were near starving.

You visited 1 branch of the dungeon, and saw 4 of its levels.

You collected 148 gold pieces.

Inventory:

Hand Weapons
 a - a +0 flail (weapon)
Armour
 b - a +0 scale mail (worn)
 c - a +0 shield (worn)
 m - a +2 pair of boots (worn)
 s - a +0 pair of gloves (worn)
Jewellery
 k - an uncursed ring of flight
 o - a cursed +3 ring of intelligence (right hand)
 p - a ring of protection from magic (left hand)
 B - a cursed amulet of inaccuracy {unknown}
Wands
 x - a wand of flame (24/48)
 A - a wand of random effects (36/48)
Scrolls
 e - 4 scrolls of identify {unknown}
 h - 2 scrolls of remove curse {unknown}
 i - a scroll of amnesia {unknown}
 n - a scroll of blinking {unknown}
 r - a scroll of teleportation {unknown}
 t - a scroll of enchant weapon {unknown}
 u - a scroll of fog {unknown}
 z - a scroll of magic mapping {unknown}
Potions
 d - 3 potions of might
 g - a potion of lignification {unknown}
 j - a potion of cancellation {unknown}
 l - a potion of ambrosia {unknown}
 v - 2 potions of degeneration {unknown}
 w - a potion of invisibility {unknown}
Books
 y - a book of Misfortune

   Spells                             Type                      Level
   a - Confusing Touch                Hexes                        1
   b - Confuse                        Hexes                        3
   c - Gell's Gravitas                Hexes/Translocation          3
   d - Petrify                        Transmutation/Earth          4
   e - Metabolic Englaciation         Hexes/Ice                    5
   f - Yara's Violent Unravelling     Hexes/Transmutation          5
Comestibles
 f - 2 bread rations
 q - 2 royal jellies


   Skills:
 + Level 4.0 Fighting
 + Level 3.7 Maces & Flails
 + Level 4.1 Armour
 + Level 1.2 Dodging
 + Level 4.4 Shields


You had 4 spell levels left.
You didn't know any spells.

Dungeon Overview and Level Annotations

Branches:
Dungeon (4/15)
 Temple: D:4-7

Altars:
Dithmenos
Kikubaaqudgha
Nemelex Xobeh


Innate Abilities, Weirdness & Mutations

You are resistant to torment.
Your stone body is resilient. (AC +4)
You are immune to poison.
You resist negative energy. (rN+)
You are resistant to electric shocks. (rElec)
You can survive without breathing.
You are immune to petrification.
You are immune to rotting.


Message History

You are too injured to fight recklessly!
You are too injured to fight recklessly!
The adder bites you but does no damage. x2
You closely miss the hippogriff. You block the hippogriff's attack.
The hippogriff pecks you but does no damage.
The hippogriff claws you but does no damage.
You sock the hippogriff!
The hippogriff is moderately wounded.
The hippogriff bites you.
The hippogriff pecks you but does no damage.
You block the hippogriff's attack.
You thump the hippogriff!
The hippogriff is severely wounded.
You block the hippogriff's attack. The hippogriff pecks you.
* * * LOW HITPOINT WARNING * * *
The hippogriff claws you but does no damage.
The hippogriff bites you.
* * * LOW HITPOINT WARNING * * *
The hippogriff pecks you.
You die...

.................#..# #.###.#
.................##.# ##.....#
.................##.###..#####
.................##......##
.................#..####..##
.....................#.....#
#.#...###.####.........#####
.............##..#.###
..####......SH@....##
........#######...# ####.....#
##### #.......# #.......#
#.......# ##.....## .......
#.......


You could see a hippogriff and an adder.

Vanquished Creatures
  Terence (D:3)
  Natasha (thrice) (D:3)
  6 adders
  2 oozes
  2 worms
  3 dart slugs (D:1)
  2 leopard geckos (D:1)
  A ball python (D:2)
  2 bats
  A giant cockroach (D:1)
  7 hobgoblins
  4 jackals (D:3)
  5 frilled lizards
  4 goblins
  A kobold (D:2)
  7 rats
51 creatures vanquished.

Notes
Turn   | Place    | Note
-------+----------+-------------------------------------------
     0 | D:1      | polly the Gargoyle Fighter began the quest for the Orb.
     0 | D:1      | Reached XP level 1. HP: 14/14 MP: 1/1
    69 | D:1      | Reached XP level 2. HP: 19/19 MP: 2/2
   224 | D:1      | Reached XP level 3. HP: 24/24 MP: 3/3
   977 | D:2      | Found a sparkling altar of Nemelex Xobeh.
  1111 | D:2      | Reached XP level 4. HP: 24/29 MP: 4/4
  1581 | D:3      | Noticed Natasha
  1597 | D:3      | Killed Natasha
  1597 | D:3      | Reached XP level 5. HP: 26/33 MP: 5/5
  1607 | D:3      | Found an ancient bone altar of Kikubaaqudgha.
  1609 | D:3      | Noticed Terence
  1610 | D:3      | Found a shadowy altar of Dithmenos.
  1624 | D:3      | Killed Terence
  1720 | D:3      | Noticed Natasha
  1725 | D:3      | Killed Natasha
  1725 | D:3      | Reached skill level 1 in Dodging
  1842 | D:3      | Noticed Natasha
  1850 | D:3      | Killed Natasha
  2503 | D:4      | Noticed a hippogriff
  2521 | D:4      | Slain by a hippogriff

Vault maps used:
D:1:      onia_arrival_mini_maze, minmay_misc_feat_diagonals, minivault_25
D:2:      nemelex_xobeh_ov_fountains_minmay, serial_park_tiny_pond
D:3:      grunt_temple_overflow_open, first_bread, uniq_natasha, uniq_terence
D:4:      lemuel_crystal_altar, minmay_misc_feat_enclosed

Skill      XL: |  1  2  3  4  5 |
---------------+----------------+-----
Maces & Flails | 3 |  3.7
Shields        | 4 |  4.4
Armour         | 4 |  4.1
Dodging        | 1 |  1.2
Fighting       | 4 |  4.0

Action                   |  1- 3 |  4- 6 || total
-------------------------+-------+-------++-------
Melee: Flail             |   136 |   140 ||   276
  Eat: Chunk             |       |     4 ||     4
Armor: Scale mail        |    78 |   109 ||   187
Dodge: Dodged            |    42 |    48 ||    90
Block: Shield            |    76 |    87 ||   163
